Map: Oxide LE

Players

milkicow

  • Race: Terran Terran

ShaDoWn - Winner!

  • Race: Protoss Protoss

Event: DreamHack SC2 Masters 2021 Fall

VOD

Have the link to the VOD?

Description

Time

  • Played on: July 30, 2021, 1:45 p.m.
  • Length: 9:07

All games in this series

Show
View Real Time Build Order
Export as new Build Order

milkicow Terran 

Build Orders:  

Get SALT Encoding   

  12  0:00  SCV  
  13  0:12  SCV  
  14  0:17  Supply Depot  
  14  0:24  SCV  
  15  0:40  Barracks  
  15  0:49  Barracks  
  15  0:54  SCV  
  16  1:00  Refinery  
  16  1:06  SCV  
  17  1:18  SCV  
  18  1:27  Marine  
  18  1:30  Orbital Command  
  19  1:38  Bunker  
  19  1:39  Marine  
  20  1:47  Supply Depot  
  20  1:48  Marine  
  21  1:57  SCV  
  22  2:08  Marine  
  22  2:13  SCV, Factory  
  23  2:17  Marine  
  24  2:25  SCV  
  24  2:29  Marine  
  26  2:34  Marine  
  27  2:37  SCV  
  28  2:49  Marine, SCV, Supply Depot  
  29  2:59  Starport  
  29  3:03  SCV, Factory Tech Lab  
  29  3:05  Refinery  
  29  3:15  SCV  
  27  3:23  Bunker  
  27  3:26  Cyclone  
  29  3:27  SCV  
  30  3:39  SCV  
  31  3:44  Viking  
  31  3:51  SCV  
  31  4:03  SCV  
  31  4:05  Siege Tank  
  34  4:14  Command Center  
  34  4:23  Barracks Reactor  
  35  4:24  SCV  
  35  4:31  Medivac  
  37  4:32  Supply Depot  
  37  4:37  SCV  
  38  4:42  Marine  
  39  4:46  Barracks  
  39  4:53  SCV  
  39  4:54  Siege Tank  
  39  4:55  Supply Depot  
  43  5:00  Marine  
  43  5:01  Marine  
  43  5:06  SCV  
  45  5:07  Starport Tech Lab  
  45  5:18  SCV  
  45  5:19  Marine x2  
  48  5:30  SCV  
  49  5:37  Marine, Command Center  
  49  5:39  Marine  
  49  5:42  SCV  
  52  5:48  Orbital Command  
  52  5:54  SCV  
  52  5:55  Stimpack  
  53  5:58  Marine  
  53  6:01  Marine  
  55  6:06  SCV  
  55  6:07  Siege Tank  
  55  6:08  Marine  
  60  6:14  SCV  
  60  6:15  Marine  
  62  6:18  Supply Depot  
  62  6:19  Marine  
  62  6:21  SCV  
  64  6:26  Marine  
  64  6:28  Barracks  
  64  6:29  Starport Reactor  
  65  6:33  Marine, SCV  
  65  6:36  SCV  
  65  6:37  Marine  
  69  6:41  Supply Depot  
  69  6:43  Siege Tank  
  72  6:47  Engineering Bay  
  72  6:49  SCV x2  
  72  6:53  Marine  
  76  6:59  Orbital Command  
  76  7:01  Marine, SCV  
  75  7:02  Refinery, SCV  
  75  7:07  Marine  
  78  7:13  SCV  
  78  7:14  Marine, Supply Depot, Starport Reactor, SCV  
  81  7:25  Marine, SCV, Siege Tank  
  81  7:26  SCV  
  81  7:27  Marine  
  81  7:28  Orbital Command  
  81  7:29  Marine  
  89  7:32  Marine  
  89  7:34  Combat Shield  
  90  7:37  SCV  
  90  7:39  Supply Depot  
  90  7:41  SCV  
  90  7:42  Marine  
  90  7:43  Marine  
  94  7:45  Marine  
  94  7:48  Marine  
  94  7:49  SCV  
  94  7:50  Marine  
  98  7:53  SCV  
  98  7:54  SCV  
  98  7:57  Medivac  
  102  8:00  Marine  
  102  8:03  Marine  
  102  8:04  SCV  
  106  8:08  SCV  
  106  8:11  SCV  
  107  8:13  Bunker  
  107  8:15  Marine, Supply Depot  
  107  8:16  SCV, Supply Depot  
  107  8:17  Refinery, Marine  
  107  8:19  Marine  
  111  8:20  SCV  
  111  8:26  Widow Mine x2  
  117  8:37  Marauder x2  
  117  8:39  SCV, Supply Depot  
  122  8:44  SCV  
  122  8:47  Marine  
Show
View Real Time Build Order
Export as new Build Order

ShaDoWn Protoss - Winner!

Build Orders:  

Get SALT Encoding   

  12  0:00  Probe  
  13  0:12  Probe  
  14  0:16  Pylon  
  14  0:24  Probe  
  15  0:36  Gateway, Probe (Chrono Boost)  
  16  0:46  Assimilator, Probe (Chrono Boost)  
  17  0:51  Probe (Chrono Boost)  
  18  1:03  Probe  
  19  1:15  Probe  
  20  1:24  Cybernetics Core  
  20  1:25  Gateway, Zealot  
  22  1:30  Pylon  
  22  1:31  Probe  
  23  1:40  Assimilator  
  23  1:48  Probe  
  24  2:00  Stalker (Chrono Boost), Probe  
  25  2:07  Shield Battery  
  26  2:12  Probe  
  26  2:15  Stalker (Chrono Boost)  
  29  2:18  Pylon  
  29  2:22  Stalker  
  31  2:31  Warp Gate  
  31  2:36  Probe  
  34  2:53  Stalker  
  34  2:58  Probe  
  37  3:09  Nexus  
  37  3:11  Probe  
  36  3:18  Pylon  
  34  3:24  Probe  
  35  3:27  Twilight Council  
  35  3:36  Probe  
  36  3:48  Probe  
  37  4:01  Probe (Chrono Boost)  
  38  4:05  Blink (Chrono Boost)  
  38  4:13  Probe (Chrono Boost)  
  38  4:15  Robotics Facility  
  39  4:21  Probe (Chrono Boost)  
  39  4:23  Probe (Chrono Boost)  
  41  4:25  Nexus  
  41  4:30  Sentry  
  45  4:31  Probe x2 (Chrono Boost)  
  47  4:39  Probe (Chrono Boost)  
  47  4:41  Probe (Chrono Boost)  
  47  4:42  Gateway  
  47  4:45  Probe (Chrono Boost)  
  47  4:48  Sentry, Probe (Chrono Boost)  
  51  4:53  Probe  
  51  4:56  Pylon  
  51  4:59  Probe  
  53  5:03  Observer  
  53  5:05  Probe  
  53  5:06  Stalker  
  57  5:08  Assimilator  
  57  5:12  Probe  
  57  5:13  Stalker  
  60  5:16  Shield Battery  
  60  5:22  Probe  
  60  5:23  Shield Battery  
  60  5:25  Probe  
  62  5:28  Shield Battery  
  62  5:29  Stalker  
  62  5:34  Probe  
  65  5:37  Stalker  
  65  5:38  Probe x2  
  70  5:43  Observer  
  70  5:47  Probe  
  70  5:49  Stalker  
  73  5:50  Probe  
  73  5:53  Charge (Chrono Boost)  
  75  5:58  Gateway  
  75  6:01  Gateway  
  75  6:02  Gateway  
  74  6:07  Observer  
  74  6:10  Probe  
  75  6:14  Zealot x3  
  83  6:19  Immortal (Chrono Boost)  
  83  6:22  Pylon  
  85  6:38  Forge  
  88  6:40  Probe x3 (Chrono Boost)  
  88  6:41  Zealot  
  88  6:42  Pylon  
  90  6:51  Templar Archives  
  90  6:52  Probe x3 (Chrono Boost)  
  93  6:58  Pylon  
  93  6:59  Probe x2 (Chrono Boost), Warp Prism  
  93  7:00  Pylon  
  97  7:03  Zealot  
  97  7:04  Zealot  
  101  7:12  Pylon  
  101  7:14  Gateway  
  101  7:15  Gateway  
  100  7:16  Zealot x2  
  100  7:17  Zealot  
  100  7:19  Zealot  
  108  7:24  Zealot  
  108  7:28  Zealot  
  112  7:33  Assimilator  
  112  7:34  Assimilator  
  112  7:39  Zealot x4  
  120  7:50  Pylon  
  118  7:51  Pylon  
  118  8:01  High Templar x2  
  118  8:02  High Templar  
  124  8:06  Pylon  
  124  8:09  High Templar x2  
  124  8:10  Zealot x2  
  124  8:11  Probe  
  124  8:12  Archon x2  
  133  8:18  Probe  
  134  8:27  Probe  
  133  8:35  Probe  
  133  8:38  Zealot x6  
  146  8:41  Zealot  
  148  8:50  Nexus  

Tags
 
Add a new tag
Caveats
  • Supply blocks, unpowered buildings, or Contaminate may cause inaccurate times.
  • Supply counts are checked every 10 seconds.